Selects Special Operations Battlegroup
Selects M29 Weasel with M1 Pack Howitzer
M29 Weasel with M1 Pack Howitzer
Construct Medical Station
Selects SSF Commando Squad
Selects P-47 Anti-Infantry Loiter
Selects UNKNOWN (2162291)
M18 Hellcat Tank Destroyer
Selects Assault Operation
P-47 Anti-Infantry Loiter
P-47 Anti-Infantry Loiter
M18 Hellcat Tank Destroyer
Selects Assault Operation
Construct Weapon Support Center
P-47 Anti-Infantry Loiter
Improved M9 Bazooka Rockets